 Dungeon Crawl Stone Soup version 0.30-a0-359-gd0147acb1a (webtiles) character file.

Game seed: 7585161469521504006

63 sleeves the Slasher (level 3, -4/29 HPs)
             Began as a Demonspawn Monk on Nov 12, 2022.
             Slain by Crazy Yiuf
             ... wielding a +4 quarterstaff of chaos
              (10 damage)
             ... on level 2 of the Dungeon.
             The game lasted 00:01:18 (1856 turns).

sleeves the Slasher (Demonspawn Monk)               Turns: 1856, Time: 00:01:19

Health: -4/29      AC:  2    Str: 11    XL:     3   Next: 87%
Magic:  3/3        EV: 13    Int: 11    God:
Gold:   129        SH:  0    Dex: 17    Spells: 2/2 levels left

rFire   . . .      SeeInvis .    a - +0 falchion
rCold   . . .      Faith    .    (no shield)
rNeg    . . .      Spirit   .    b - +0 robe
rPois   .          Reflect  .    (no helmet)
rElec   .          Harm     .    (no cloak)
rCorr   .          Rampage  .    (no gloves)
Will    .....                    (no boots)
Stlth   ++........               (no amulet)
HPRegen 0.24/turn                (no ring)
MPRegen 0.16/turn                (no ring)

@: no status effects
A: demonic guardian 1, magic regeneration
a: no special abilities


You were on level 2 of the Dungeon.
You visited 1 branch of the dungeon, and saw 2 of its levels.

You collected 129 gold pieces.

Inventory:

Hand Weapons
 a - a +0 falchion (weapon)
Armour
 b - a +0 robe (worn)
Scrolls
 f - 3 scrolls of identify {unknown}
 j - a scroll of enchant weapon {unknown}
 m - a scroll of teleportation {unknown}
Potions
 c - a potion of ambrosia
 d - a potion of haste {unknown}
 e - a potion of attraction {unknown}
 g - 3 potions of flight {unknown}
 h - 2 potions of curing {unknown}
 i - a potion of might {unknown}
 k - a potion of cancellation {unknown}
 l - a potion of heal wounds {unknown}


   Skills:
 - Level 3.0 Fighting
 + Level 4.4 Long Blades
 - Level 2.6 Dodging
 - Level 1.7 Stealth


You had 2 spell levels left.
You didn't know any spells.
Your spell library contained the following spells:

 Spells                   Type           Power      Damage    Failure   Level
 Cigotuvi's Dreadful Rot  Necr/Pois/Air  0%         N/A       47%         2
 Poisonous Vapours        Pois/Air       0%         N/A       47%         2
 Mephitic Cloud           Conj/Pois/Air  0%         N/A       71%         3


Dungeon Overview and Level Annotations

Branches:
Dungeon (2/15)

Altars:

Annotations:
D:2 Crazy Yiuf


Innate Abilities, Weirdness & Mutations

A weak demonic guardian rushes to your aid.
You regenerate magic rapidly.


Message History

No target in view!
No target in view!
No target in view!
No target in view!
No target in view!
A kobold comes into view. It is wielding a +0 dagger.
A kobold is nearby!
A kobold is nearby!
You closely miss the kobold. The kobold closely misses you.
You hit the kobold.
You kill the kobold!
No target in view!
No target in view!
No target in view!
No target in view!
No target in view!
No target in view!
No target in view!
No target in view!
Things that are here:
a +0 dagger; a kobold corpse
Found a stone staircase leading down.
There is a stone staircase leading down here.
g - a puce potion
f - 2 scrolls labelled YTOTOI CAUNYIXT (gained 1)
You see here a staff of poison.
No target in view!
No target in view!
No target in view!
No target in view!
A dart slug comes into view.
A dart slug is nearby!
A dart slug is nearby!
A rat comes into view.
You slash the dart slug!
The dart slug is severely wounded.
The dart slug barely misses you.
You hit the dart slug.
The dart slug is almost dead.
You slash the dart slug!
You kill the dart slug!
Your Long Blades skill increases to level 3!
You closely miss the rat. The rat bites you.
You barely miss the rat. The rat bites you but does no damage.
You closely miss the rat. The rat bites you.
You slash the rat!
You kill the rat!
No target in view!
No target in view!
No target in view!
HP restored.
A kobold comes into view. It is wielding a +0 short sword.
A kobold is nearby!
Found 2 amethyst potions.
The kobold throws a stone.
The stone misses you.
The kobold hits you with a +0 short sword.
You closely miss the kobold. The kobold misses you.
You closely miss the kobold. The kobold barely misses you.
You closely miss the kobold.
The kobold hits you with a +0 short sword.
The kobold closely misses you.
You hit the kobold.
You kill the kobold!
No target in view!
No target in view!
No target in view!
No target in view!
No target in view!
No target in view!
A dart slug comes into view.
A dart slug is nearby!
A dart slug is nearby!
A dart slug is nearby!
The dart slug launches a dart at you. The slug dart hits you.
You hit the dart slug.
The dart slug is heavily wounded.
The dart slug barely misses you.
You hit the dart slug.
You kill the dart slug!
You have reached level 2!
Your demonic ancestry asserts itself...
Your magic begins to regenerate rapidly.
h - 2 amethyst potions You open the door.
There is an open door here.
As you open the door, it creaks loudly!
Found a stone staircase leading down.
An endoplasm comes into view.
The endoplasm moves out of view.
There is an open door here.
No target in view!
No target in view!
No target in view!
No target in view!
An endoplasm is nearby!
An endoplasm is nearby!
You catch the helpless endoplasm completely off-guard!
You hit the endoplasm.
The endoplasm is heavily wounded.
The endoplasm misses you.
You hit the endoplasm.
You kill the endoplasm!
No target in view!
No target in view!
No target in view!
No target in view!
No target in view!
No target in view!
No target in view!
No target in view!
No target in view!
There is a stone staircase leading down here.
A goblin comes into view. It is wielding a +0 dagger.
A goblin is nearby!
A goblin is nearby!
The goblin shouts!
The goblin hits you but does no damage.
You hit the goblin.
The goblin is severely wounded.
The goblin hits you with a +0 dagger.
You hit the goblin.
You kill the goblin!
No target in view!
No target in view!
No target in view!
No target in view!
No target in view!
No target in view!
No target in view!
No target in view!
No target in view!
You see here a +0 dagger.
You now have 14 gold pieces (gained 5).
A giant cockroach comes into view.
A giant cockroach is nearby!
A giant cockroach is nearby!
The giant cockroach misses you. The giant cockroach closely misses you.
You hit the giant cockroach.
You kill the giant cockroach!
No target in view!
No target in view!
No target in view!
No target in view!
No target in view!
No target in view!
No target in view!
No target in view!
No target in view!
Found 6 stones.
A goblin comes into view. It is wielding a +0 dagger.
The goblin shouts!
A goblin is nearby!
The goblin hits you with a +0 dagger.
You see here 6 stones.
You hit the goblin but do no damage. The goblin hits you with a +0 dagger.
You hit the goblin.
You kill the goblin!
No target in view!
No target in view!
No target in view!
No target in view!
No target in view!
No target in view!
No target in view!
No target in view!
You see here a +0 dagger.
You see here a +0 dagger.
You see here 6 stones.
i - a golden potion A kobold comes into view.
It is wielding a +0 dagger.
A kobold is nearby!
The kobold shouts!
The kobold throws a stone.
The stone misses you. The kobold hits you but does no damage.
You hit the kobold.
You kill the kobold!
No target in view!
No target in view!
No target in view!
No target in view!
No target in view!
No target in view!
No target in view!
No target in view!
Things that are here:
a +0 dagger; 3 stones A frilled lizard comes into view.
A frilled lizard is nearby!
A frilled lizard is nearby!
The frilled lizard bites you but does no damage.
You miss the frilled lizard. The frilled lizard bites you.
You hit the frilled lizard but do no damage.
The frilled lizard closely misses you.
You barely miss the frilled lizard.
The frilled lizard bites you but does no damage.
You miss the frilled lizard.
The frilled lizard barely misses you. x2
You barely miss the frilled lizard. The frilled lizard closely misses you.
You hit the frilled lizard.
You kill the frilled lizard!
No target in view!
No target in view!
No target in view!
No target in view!
You open the door.
There is an open door here.
You now have 31 gold pieces (gained 17).
You open the door.
There is an open door here.
A bat comes into view.
A bat is nearby!
A bat is nearby!
You slash the bat!
You kill the bat!
No target in view!
No target in view!
No target in view!
No target in view!
No target in view!
No target in view!
No target in view!
No target in view!
No target in view!
A frilled lizard comes into view.
The frilled lizard hisses angrily.
A frilled lizard is nearby!
The frilled lizard barely misses you.
You closely miss the frilled lizard. The frilled lizard misses you.
You miss the frilled lizard. The frilled lizard misses you.
You closely miss the frilled lizard. The frilled lizard barely misses you.
You barely miss the frilled lizard. The frilled lizard closely misses you.
You slash the frilled lizard!
You kill the frilled lizard!
No target in view!
No target in view!
No target in view!
No target in view!
A goblin comes into view. It is wielding a +0 club.
A goblin is nearby!
A goblin is nearby!
The goblin shouts!
You hit the goblin.
The goblin is severely wounded.
The goblin misses you. The goblin hits you but does no damage.
You closely miss the goblin.
The goblin is heavily wounded.
The goblin closely misses you.
You hit the goblin.
The goblin is severely wounded.
The goblin closely misses you.
You barely miss the goblin.
The goblin is severely wounded.
The goblin barely misses you.
You hit the goblin.
You kill the goblin!
No target in view!
No target in view!
No target in view!
No target in view!
No target in view!
You open the door.
There is an open door here.
A kobold comes into view. It is wielding a +0 club.
Found a bubbling sapphire potion.
A sourceless malevolence fills the Dungeon...
You fall into a shaft and drop 1 floor!
The shaft crumbles and collapses.
Found a stone staircase leading down.
No target in view!
No target in view!
No target in view!
No target in view!
No target in view!
No target in view!
No target in view!
No target in view!
No target in view!
An endoplasm comes into view.
An endoplasm is nearby!
An endoplasm is nearby!
The endoplasm quivers.
The endoplasm closely misses you.
You barely miss the endoplasm. The endoplasm freezes you.
You are frozen.
You slash the endoplasm!
You kill the endoplasm!
No target in view!
No target in view!
No target in view!
No target in view!
No target in view!
No target in view!
No target in view!
HP restored.
Found a stone staircase leading down.
An adder and a goblin come into view.
The goblin shouts!
There are monsters nearby!
Found 14 gold pieces.
A hobgoblin comes into view.
The goblin misses you.
You closely miss the goblin. The goblin hits you but does no damage.
The hobgoblin shouts!
You hit the goblin.
The goblin is moderately wounded.
The goblin barely misses you.
You hit the goblin.
You kill the goblin!
You hit the adder.
The adder is lightly wounded.
The adder closely misses you. The adder barely misses you.
You slash the adder!
The adder is severely wounded.
The adder closely misses you. The hobgoblin barely misses you.
You barely miss the adder. You punch the adder, but do no damage.
The adder is severely wounded.
The adder bites you but does no damage. The adder closely misses you.
The hobgoblin closely misses you.
You slash the adder!
You kill the adder!
The hobgoblin barely misses you.
You have reached level 3!
Your experience leads to an increase in your attributes!
Increase (S)trength, (I)ntelligence, or (D)exterity?
You feel agile. x2; Your demonic ancestry asserts itself...
You feel the presence of a demonic guardian.
You slash the hobgoblin!
You kill the hobgoblin!
No target in view!
No target in view!
No target in view!
No target in view!
No target in view!
No target in view!
No target in view!
No target in view!
No target in view!
No target in view!
You now have 46 gold pieces (gained 15).
Things that are here:
a +0 dagger; a hobgoblin corpse; a goblin corpse You now have 60 gold pieces (gained 14).
Found a leather armour.
Found a sling.
j - a scroll labelled GIAXTIYDEGE No target in view!
No target in view!
No target in view!
No target in view!
No target in view!
No target in view!
No target in view!
No target in view!
No target in view!
You now have 62 gold pieces (gained 2).
A bat comes into view.
Found a book of Vapours and a scroll labelled YTOTOI CAUNYIXT.
The bat moves out of view.
A bat is nearby!
Found a stone.
No target in view!
No target in view!
No target in view!
No target in view!
No target in view!
No target in view!
No target in view!
No target in view!
No target in view!
No target in view!
No target in view!
No target in view!
No target in view!
No target in view!
No target in view!
No target in view!
You now have 65 gold pieces (gained 3).
You pick up a book of Vapours and begin reading...
You add the spells Poisonous Vapours, Cigotuvi's Dreadful Rot and Mephitic Cloud to your library.
No target in view!
No target in view!
No target in view!
No target in view!
No target in view!
No target in view!
No target in view!
No target in view!
No target in view!
No target in view!
No target in view!
No target in view!
A bat is nearby!
A bat is nearby!
A bat is nearby!
No target in view!
No target in view!
No target in view!
No target in view!
No target in view!
No target in view!
No target in view!
No target in view!
No target in view!
A bat is nearby!
A bat is nearby!
You closely miss the bat. The bat closely misses you. x2
You barely miss the bat. The bat hits you. The bat closely misses you.
The bat hits you.
You barely miss the bat. The bat hits you. The bat hits you but does no damage.
You see here a scroll labelled YTOTOI CAUNYIXT.
The bat misses you. The bat completely misses you.
You see here a stone.
You hit the bat but do no damage. The bat hits you. The bat barely misses you.
No target in view!
No target in view!
No target in view!
The bat hits you but does no damage. The bat closely misses you.
A bat is nearby!
You slash the bat!
You kill the bat!
No target in view!
No target in view!
No target in view!
No target in view!
No target in view!
No target in view!
No target in view!
No target in view!
f - 3 scrolls labelled YTOTOI CAUNYIXT (gained 1)
Found a stone staircase leading up.
Found a stone staircase leading up.
There is a stone staircase leading up here.
Found 4 stones.
No target in view!
No target in view!
No target in view!
No target in view!
No target in view!
No target in view!
No target in view!
No target in view!
No target in view!
No target in view!
No target in view!
No target in view!
No target in view!
(D) Dungeon
Where to? (? - help)
There is a stone staircase leading up here.
You climb upwards.
There is a stone staircase leading down here.
A ball python comes into view.
A ball python is nearby!
The ball python bites you but does no damage.
The ball python grabs you. The ball python constricts you.
A demonic guardian appears!
You hit the ball python.
You kill the ball python!
No target in view!
No target in view!
No target in view!
No target in view!
No target in view!
No target in view!
No target in view!
No target in view!
You swap places.
You see here a ball python corpse.
Found an escape hatch in the floor.
A kobold comes into view. It is wielding a +0 dagger.
You see here 14 gold pieces.
Your white imp disappears in a puff of smoke!
Found a stone staircase leading down.
The kobold shouts!
You hear a shout!
A bat comes into view.
The bat hits you. The kobold hits you but does no damage.
A goblin comes into view. It is wielding a +0 club.
You slash the kobold!
You kill the kobold!
The bat misses you. The bat hits you. The bat hits you but does no damage.
You closely miss the bat. The bat misses you.
You slash the bat!
You kill the bat!
Your Long Blades skill increases to level 4!
You closely miss the goblin. The goblin hits you with a +0 club.
You hit the goblin.
You kill the goblin!
No target in view!
No target in view!
No target in view!
No target in view!
HP restored.
You now have 79 gold pieces (gained 14).
Things that are here:
a +0 dagger; a kobold corpse
k - an orange potion
Found a whip.
No target in view!
No target in view!
No target in view!
No target in view!
No target in view!
No target in view!
No target in view!
No target in view!
No target in view!
You open the door.
A quokka comes into view.
A quokka is nearby!
A quokka is nearby!
There is an open door here.
The quokka misses you.
You hit the quokka but do no damage. The quokka barely misses you.
The quokka closely misses you.
You slash the quokka!
You kill the quokka!
No target in view!
No target in view!
No target in view!
No target in view!
No target in view!
No target in view!
No target in view!
No target in view!
No target in view!
You open the door.
There is an open door here.
You now have 89 gold pieces (gained 10).
There is an open door here.
Found a spear.
A giant cockroach comes into view.
A giant cockroach is nearby!
You see here a +0 spear.
The giant cockroach bites you. The giant cockroach closely misses you.
You hit the giant cockroach.
The giant cockroach is severely wounded.
The giant cockroach bites you but does no damage.
You barely miss the giant cockroach.
The giant cockroach is severely wounded.
The giant cockroach bites you but does no damage.
You hit the giant cockroach.
You kill the giant cockroach!
No target in view!
No target in view!
No target in view!
No target in view!
No target in view!
No target in view!
There is an open door here.
There is an open door here.
There is an escape hatch in the floor here.
You open the door.
There is an open door here.
A kobold is nearby!
A kobold is nearby!
The helpless kobold fails to defend itself.
You hit the kobold.
The kobold is moderately wounded.
The kobold misses you.
You hit the kobold.
You kill the kobold!
No target in view!
No target in view!
No target in view!
No target in view!
No target in view!
No target in view!
No target in view!
No target in view!
l - a bubbling sapphire potion A bat comes into view.
A bat is nearby!
A bat is nearby!
The bat hits you.
You hit the bat.
You kill the bat!
No target in view!
No target in view!
No target in view!
No target in view!
No target in view!
No target in view!
No target in view!
You open the door.
A rat comes into view.
A rat is nearby!
A rat is nearby!
A rat is nearby!
A rat comes into view.
There is an open door here.
The helpless rat fails to defend itself.
You slash the rat!
You kill the rat!
The rat closely misses you.
You closely miss the rat. The rat closely misses you.
You closely miss the rat. The rat misses you.
You closely miss the rat. The rat barely misses you.
You hit the rat.
You kill the rat!
You open the door.
An endoplasm comes into view.
The endoplasm quivers.
An endoplasm is nearby!
An endoplasm is nearby!
You hit the endoplasm.
You kill the endoplasm!
No target in view!
No target in view!
No target in view!
No target in view!
No target in view!
No target in view!
No target in view!
You now have 102 gold pieces (gained 13).
A jackal comes into view.
A jackal is nearby!
A jackal is nearby!
A jackal is nearby!
The jackal barks!
You hear a bark! x2; You hear a shout!
A rat comes into view.
The rat moves out of view.
You closely miss the jackal. The jackal misses you. x2
You hit the jackal.
The jackal is moderately wounded.
A jackal comes into view.
The jackal bites you but does no damage.
You barely miss the jackal.
The jackal is moderately wounded.
The jackal barely misses you. x2
You miss the jackal.
The jackal is moderately wounded.
The jackal barks!
The jackal bites you but does no damage.
The jackal closely misses you.
You hear a bark!
You completely miss the jackal.
The jackal is moderately wounded.
The jackal barely misses you.
You barely miss the jackal.
The jackal is moderately wounded.
The jackal completely misses you. The jackal bites you.
You hit the jackal.
The jackal is heavily wounded.
The jackal barely misses you.
You barely miss the jackal.
The jackal is heavily wounded.
The jackal bites you but does no damage.
The jackal bites you.
You barely miss the jackal.
The jackal is heavily wounded.
The jackal bites you.
You slash the jackal!
You kill the jackal!
The jackal bites you.
You hit the jackal.
The jackal is moderately wounded.
The jackal closely misses you.
You hit the jackal but do no damage.
The jackal is moderately wounded.
The jackal closely misses you.
The jackal bites you but does no damage.
You barely miss the jackal.
The jackal is moderately wounded.
The jackal closely misses you. x2
There are monsters nearby!
There are monsters nearby!
There are monsters nearby!
You miss the jackal.
The jackal is moderately wounded.
The jackal bites you.
You hit the jackal.
The jackal is almost dead.
The jackal bites you. The jackal misses you.
You hit the jackal.
You kill the jackal!
You hit the rat.
You kill the rat!
No target in view!
No target in view!
No target in view!
No target in view!
No target in view!
No target in view!
No target in view!
No target in view!
No target in view!
No target in view!
No target in view!
No target in view!
No target in view!
No target in view!
No target in view!
No target in view!
No target in view!
Things that are here:
a rat corpse; a jackal corpse You now have 109 gold pieces (gained 7).
A jackal comes into view.
A jackal is nearby!
A jackal is nearby!
No target in view!
No target in view!
No target in view!
No target in view!
No target in view!
No target in view!
No target in view!
No target in view!
No target in view!
No target in view!
No target in view!
No target in view!
No target in view!
No target in view!
No target in view!
A jackal is nearby!
The jackal barks!
You hear a shout!
You hit the jackal.
You kill the jackal!
No target in view!
No target in view!
No target in view!
No target in view!
No target in view!
No target in view!
No target in view!
A hobgoblin comes into view.
A hobgoblin is nearby!
A hobgoblin is nearby!
A jackal comes into view.
The hobgoblin shouts!
The hobgoblin closely misses you.
You closely miss the hobgoblin. The hobgoblin barely misses you.
You barely miss the hobgoblin. The hobgoblin barely misses you.
You hit the hobgoblin but do no damage.
The hobgoblin hits you but does no damage.
The jackal bites you.
You hit the hobgoblin.
The hobgoblin is severely wounded.
The hobgoblin closely misses you. The jackal barely misses you.
You slash the hobgoblin!
You kill the hobgoblin!
The jackal bites you but does no damage.
The jackal closely misses you.
You barely miss the jackal. The jackal completely misses you.
You hit the jackal.
The jackal is severely wounded.
The jackal bites you. The jackal closely misses you.
You hit the jackal.
You kill the jackal!
No target in view!
No target in view!
You see here a hobgoblin corpse.
You see here a rat corpse.
There is an open door here.
Done exploring.
Done exploring.
Done exploring.
No target in view!
No target in view!
No target in view!
No target in view!
No target in view!
No target in view!
(D) Dungeon
Where to? (Enter - D:1, ? - help)
There is an open door here.
There is an open door here.
Things that are here:
a +0 dagger; a kobold skeleton
There is a stone staircase leading down here.
You climb downwards.
There is a stone staircase leading up here.
You see here a stone.
An endoplasm comes into view.
The endoplasm quivers.
An endoplasm is nearby!
The endoplasm hits you.
You hit the endoplasm but do no damage. The endoplasm freezes you.
You are frozen.
You hit the endoplasm.
The endoplasm is almost dead.
The endoplasm misses you.
You slash the endoplasm!
You kill the endoplasm!
No target in view!
No target in view!
No target in view!
No target in view!
No target in view!
No target in view!
No target in view!
HP restored.
You now have 113 gold pieces (gained 4).
Found a stone staircase leading down.
You now have 129 gold pieces (gained 16).
There is a stone staircase leading down here.
m - a scroll labelled GUXYFA SELIPAR You see here a +0 sling.
Key pressed, stopping explore.
No target in view!
No target in view!
No target in view!
No target in view!
No target in view!
No target in view!
No target in view!
No target in view!
No target in view!
No target in view!
A ball python comes into view.
A ball python is nearby!
A ball python is nearby!
A ball python is nearby!
You hit the ball python.
You kill the ball python!
No target in view!
No target in view!
No target in view!
No target in view!
No target in view!
No target in view!
No target in view!
Found a club.
A ball python comes into view.
A ball python is nearby!
A ball python is nearby!
The helpless ball python fails to defend itself.
You hit the ball python.
The ball python is moderately wounded.
The ball python completely misses you. The ball python barely misses you.
You hit the ball python but do no damage.
The ball python is moderately wounded.
The ball python closely misses you. The ball python completely misses you.
The ball python bites you but does no damage.
The ball python barely misses you.
You closely miss the ball python.
The ball python is moderately wounded.
The ball python barely misses you. The ball python grabs you.
The ball python constricts you.
You slash the ball python!
You kill the ball python!
No target in view!
No target in view!
No target in view!
No target in view!
An endoplasm comes into view.
An endoplasm is nearby!
An endoplasm is nearby!
An endoplasm is nearby!
The helpless endoplasm fails to defend itself.
You slash the endoplasm!
You kill the endoplasm!
No target in view!
No target in view!
No target in view!
No target in view!
No target in view!
No target in view!
No target in view!
No target in view!
A hobgoblin comes into view.
A hobgoblin is nearby!
A hobgoblin is nearby!
The hobgoblin shouts!
You hit the hobgoblin.
You kill the hobgoblin!
No target in view!
No target in view!
No target in view!
No target in view!
No target in view!
No target in view!
No target in view!
No target in view!
You see here a hobgoblin corpse.
Found a stone staircase leading up.
You see here a hobgoblin corpse.
A goblin comes into view. It is wielding a +0 dagger.
A goblin is nearby!
A rat comes into view.
The goblin shouts!
The goblin closely misses you.
You slash the goblin!
You kill the goblin!
You hit the rat.
You kill the rat!
No target in view!
No target in view!
No target in view!
No target in view!
No target in view!
No target in view!
No target in view!
Things that are here:
a +0 dagger; a goblin corpse
Found 5 stones.
You see here 5 stones.
A ball python comes into view.
Found 2 puce potions.
A ball python is nearby!
The helpless ball python fails to defend itself.
You hit the ball python.
You kill the ball python!
No target in view!
No target in view!
No target in view!
No target in view!
No target in view!
No target in view!
No target in view!
You see here a ball python corpse.
g - 3 puce potions (gained 2)
Found a hammer.
Found two hammers.
Found a hammer.
No target in view!
No target in view!
No target in view!
No target in view!
No target in view!
No target in view!
No target in view!
No target in view!
No target in view!
No target in view!
No target in view!
You see here a +0 hammer.
You see here a +0 hammer.
Found a hammer.
Found a runed translucent door.
Crazy Yiuf shouts!
You see here a +0 hammer.
You see here a +0 hammer.
You see here a ball python corpse.
You see here 5 stones.
Things that are here:
a +0 dagger; a goblin corpse
There is a stone staircase leading down here.
Key pressed, stopping explore.
You see here 4 stones.
Key pressed, stopping explore.
You see here a +0 sling.
Things that are here:
a +0 dagger; a goblin skeleton You see here 5 stones.
You see here a ball python skeleton.
You see here a +0 hammer.
You see here a +0 hammer.
Press: ? - help, v - describe, . - travel
Here: Crazy Yiuf, wielding a +4 quarterstaff of chaos and wearing a +0 cloak of willpower (fire blocked by a runed translucent door)
The floor.
Unknown command.
You open the door. You slash Crazy Yiuf!
Crazy Yiuf is heavily wounded.
Crazy Yiuf hits you with a +4 quarterstaff of chaos!
You barely miss Crazy Yiuf.
Crazy Yiuf is heavily wounded.
Crazy Yiuf hits you with a +4 quarterstaff of chaos!
Ouch! That really hurt!
* * * LOW HITPOINT WARNING * * *
A demonic guardian appears!
Crazy Yiuf draws strength from your wounds!
You are too injured to fight recklessly!
You are too injured to fight recklessly!
You are too injured to fight recklessly!
You are too injured to fight recklessly!
You are too injured to fight recklessly!
You are too injured to fight recklessly!
You are too injured to fight recklessly!
You are too injured to fight recklessly!
You are too injured to fight recklessly!
You are too injured to fight recklessly!
You are too injured to fight recklessly!
You are too injured to fight recklessly!
You are too injured to fight recklessly!
You are too injured to fight recklessly!
You are too injured to fight recklessly!
You swap places.
Crazy Yiuf hits your quasit with a +4 quarterstaff of chaos!
Your quasit bites Crazy Yiuf.
Your quasit barely misses Crazy Yiuf.
Your quasit claws Crazy Yiuf but does no damage.
Your quasit bites Crazy Yiuf.
Your quasit closely misses Crazy Yiuf.
Your quasit completely misses Crazy Yiuf.
Crazy Yiuf yells, "You down cower!"
Crazy Yiuf hits your quasit with a +4 quarterstaff of chaos!
Crazy Yiuf freezes your quasit.
Your quasit dies!
Your quasit disappears in a puff of smoke!
You see here a +0 hammer.
You aren't carrying any items that you can evoke.
You hit Crazy Yiuf.
Crazy Yiuf is moderately wounded.
Crazy Yiuf hits you with a +4 quarterstaff of chaos!
You die...

#.#######.# ###.# #.#
##### #...# #.#
#######...## #.#.# #.#
###
#..(.....#.########
### #..
#.####.#......# ###
#.# #.###.##########
### #.#
##รท...###)+..#.###
### #.. #.#
####.##).@g).#..##...#
### #.#
#....).P.####g'...#
#)# ####..+.## ###..)#
#.### ###### ### #...#
###.# ######## #.#
#......# #############
#.# #.######
#..#......#.#### #.#
#.# #..#.##.....>...


You could see Crazy Yiuf.

Vanquished Creatures
  An adder (D:2)
  2 dart slugs (D:1)
  4 ball pythons
  5 bats
  5 endoplasms
  2 giant cockroaches (D:1)
  6 goblins
  3 hobgoblins
  4 jackals (D:1)
  A quokka (D:1)
  2 frilled lizards (D:1)
  5 kobolds (D:1)
  5 rats
45 creatures vanquished.

Notes
Turn   | Place    | Note
-------+----------+-------------------------------------------
     0 | D:1      | sleeves the Demonspawn Monk began the quest for the Orb.
     0 | D:1      | Reached XP level 1. HP: 18/18 MP: 1/1
   131 | D:1      | Reached skill level 3 in Long Blades
   183 | D:1      | Gained mutation: You regenerate magic rapidly. [demonic
                  | ancestry]
   183 | D:1      | Reached XP level 2. HP: 22/24 MP: 2/2
   519 | D:1      | You fall into a shaft and drop 1 floor!
   597 | D:2      | Gained mutation: A weak demonic guardian rushes to your
                  | aid. [demonic ancestry]
   597 | D:2      | Reached XP level 3. HP: 29/29 MP: 3/3
   797 | D:1      | Reached skill level 4 in Long Blades
  1551 | D:2      | Found a runed translucent door.
  1552 | D:2      | Noticed Crazy Yiuf
  1846 | D:2      | HP: 4/29 [Crazy Yiuf/+4 quarterstaff of chaos (17)]
  1856 | D:2      | Slain by Crazy Yiuf

Illustrated notes

Levels and vault maps discovered:
D:1:      dpeg_arrival_short_road, layout_basic, corexii_hall_statues_l
D:2:      layout_loops_ring, serial_glass, glass_columns_a, glass_columns_b,
          item_on_display_a, uniq_crazy_yiuf_cottage

Skill      XL: |  1  2  3 |
---------------+----------+-----
Long Blades    | 3 4 |  4.4
Fighting       | |  3.0
Dodging        | |  2.6
Stealth        | |  1.7

Action                   || total
-------------------------++-------
Melee: Falchion          ||   119
       Punch             ||     1
 Stab: Distracted        ||     1
       Sleeping          ||     5
Armor: Robe              ||    23
Dodge: Dodged            ||    83

Table legend: (Time is in decaauts)
 A = Elapsed time spent in this place.
 B = Non-inter-level travel time spent in this place.
 C = Inter-level travel time spent in this place.
 D = Time resting spent in this place.
 E = Time spent auto-exploring this place.
 F = Levels seen in this place.
 G = Mean time per level.
                   A        B        C        D        E       F      G
               +--------+--------+--------+--------+--------+-----+--------+
         Total |   1869 |   1819 |     50 |      0 |   1501 |   2 |  934.5 |
       Dungeon |   1869 |   1819 |     50 |      0 |   1501 |   2 |  934.5 |
               +--------+--------+--------+--------+--------+-----+--------+

Top non-repeatable levels by time:
     D:1: 947 daAuts
     D:2: 922 daAuts
